 Dungeon Crawl Stone Soup version 0.26.1-11-gd32895ea62 (webtiles) character file.

Game seed: 4633090684965368591

12210 jlumianski the Thaumaturge (level 11, -12/86 HPs)
             Began as a Gnoll Warper on Apr 16, 2021.
             Was an Elder of Sif Muna.
             Mangled by a death scarab (24 damage)
             ... in a Gauntlet.
             The game lasted 01:41:12 (15667 turns).

jlumianski the Thaumaturge (Gnoll Warper)          Turns: 15667, Time: 01:41:13

Health: -12/86     AC: 11    Str: 21    XL:     11   Next: 89%
Magic:  7/23       EV: 36    Int: 21    God:    Sif Muna [****..]
Gold:   584        SH:  0    Dex: 15    Spells: 8/27 levels left

rFire    . . .     SeeInvis .   K - +2 long sword "Pendulum" {vorpal, *Corrode rN++ Str+5}
rCold    . . .     Faith    .   (no shield)
rNeg     + + .     Spirit   .   F - +3 leather armour
rPois    .         Reflect  .   d - +2 helmet {Int+3}
rElec    .         Harm     .   L - +1 cloak
rCorr    .         Rampage  .   Q - +0 pair of gloves
Will     +....     NoTele   +   P - +0 pair of boots
Stlth    +++.......             r - amulet of the acrobat
HPRegen  0.24/turn              k - +4 ring of evasion
MPRegen  0.18/turn              x - ring of willpower

@: corroded, acrobat, slowed, very slow
A: distributed training, fangs 1, slimy green scales 1, deformed body, strong 1,
subdued magic 1, strong nose
a: Renounce Religion, Channel Magic, Forget Spell, Divine Exegesis


You were in a Gauntlet.
You worshipped Sif Muna.
Sif Muna was greatly pleased with you.
You visited 1 branch of the dungeon, and saw 11 of its levels.
You also visited: Ossuary, Bailey and Gauntlet.

You collected 844 gold pieces.
You spent 260 gold pieces at shops.

Inventory:

Hand Weapons
 E - a +1 quarterstaff of speed
 I - a +3 spear of venom
 K - the +2 long sword "Pendulum" (weapon) {vorpal, *Corrode rN++ Str+5}
   (You found it on level 6 of the Dungeon)

   It inflicts extra damage upon your enemies.
   It affects your strength (+5).
   It greatly protects you from negative energy.
   It may corrode you when you take damage.
 U - a +3 vampiric scimitar
Missiles
 c - 28 boomerangs
 e - 2 boomerangs of dispersal (quivered)
 i - 228 stones
 j - 40 poisoned darts
 W - 3 throwing nets
Armour
 d - a +2 helmet of intelligence (worn)
 F - a +3 leather armour (worn)
 L - a +1 cloak (worn)
 P - a +0 pair of boots (worn)
 Q - a +0 pair of gloves (worn)
 S - the +7 plate armour "Folia" {rPois rF+ rC-, unknown}
   (You found it in a bailey)

   It protects you from fire.
   It makes you vulnerable to cold.
   It protects you from poison.
 V - +0 acid dragon scales
Magical Staves
 M - an uncursed staff of death
Jewellery
 a - a +6 ring of intelligence
 g - the ring "Gijaex" {Dex+2 SInv, unknown}
   (You found it in a Gauntlet)

   [ring of see invisible]

   It affects your dexterity (+2).
   It lets you see invisible.
 k - a +4 ring of evasion (left hand)
 r - an amulet of the acrobat (around neck)
 u - an uncursed ring of see invisible
 x - a ring of willpower (right hand)
 A - an uncursed ring of poison resistance
 B - an uncursed ring of fire
 X - an uncursed ring of resist corrosion
Wands
 v - a wand of paralysis (8)
 z - a wand of disintegration (3)
Scrolls
 n - 9 scrolls of teleportation
 o - 2 scrolls of blinking
 p - 3 scrolls of identify
 s - 5 scrolls of fog
 J - 5 scrolls of remove curse
Potions
 b - a potion of experience {unknown}
 f - 3 potions of flight
 m - 2 potions of magic
 t - 9 potions of curing
 T - 2 potions of might


   Skills:
 + Level 8.2 Fighting
 + Level 6.7 Short Blades
 + Level 6.7 Long Blades
 + Level 8.2 Axes
 + Level 6.7 Maces & Flails
 + Level 6.7 Polearms
 + Level 6.7 Staves
 + Level 6.7 Slings
 + Level 6.7 Bows
 + Level 6.7 Crossbows
 + Level 7.2 Throwing
 + Level 7.2 Armour
 + Level 8.2 Dodging
 + Level 6.7 Stealth
 + Level 6.7 Shields
 + Level 6.7 Unarmed Combat
 + Level 8.5 Spellcasting
 + Level 5.5 Conjurations
 + Level 5.5 Hexes
 + Level 5.5 Summonings
 + Level 5.5 Necromancy
 + Level 7.9 Translocations
 + Level 5.5 Transmutations
 + Level 5.5 Fire Magic
 + Level 5.5 Ice Magic
 + Level 5.5 Air Magic
 + Level 5.5 Earth Magic
 + Level 5.5 Poison Magic
 + Level 7.4 Invocations
 + Level 6.7 Evocations


You had 8 spell levels left.
You knew the following spells:

 Your Spells              Type           Power        Failure   Level
a - Blink                 Tloc           N/A          1%          2
b - Gell's Gravitas       Tloc           16%          1%          3
c - Teleport Other        Tloc           32%          1%          3
d - Pain                  Necr           96%          1%          1
e - Vampiric Draining     Necr           12%          1%          3
f - Frozen Ramparts       Ice            48%          1%          3
g - Summon Lightning Spi  Summ/Air       24%          7%          4

Your spell library contained the following spells:

 Spells                   Type           Power        Failure   Level
 Animate Skeleton         Necr           48%          1%          1
 Freeze                   Ice            96%          1%          1
 Lesser Beckoning         Tloc           16%          1%          3
 Ozocubu's Armour         Ice            24%          1%          3
 Passage of Golubria      Tloc           N/A          2%          4
 Animate Dead             Necr           12%          7%          4
 Hailstorm                Conj/Ice       24%          7%          4
 Summon Ice Beast         Ice/Summ       24%          7%          4
 Agony                    Necr           24%          21%         5
 Silence                  Hex/Air        12%          21%         5
 Conjure Ball Lightning   Conj/Air       12%          77%         6
 Tornado                  Air            12%          100%        9


Dungeon Overview and Level Annotations

Branches:
Dungeon (11/15)            Temple (0/1) D:5             Orc (0/2) D:10
Ossuary (visited)          Bailey (visited)         Gauntlet (1/1)
   Lair: D:8-11

Altars:
Ashenzari
Cheibriados
Dithmenos
Elyvilon
Hepliaklqana
Qazlal
Ru
Sif Muna

Shops:
D:9 =

Annotations:
Gauntlet 9 transporters, 1 runed translucent door


Innate Abilities, Weirdness & Mutations

Your experience applies equally to all skills.
You have very sharp teeth.
Your uncanny sense of smell can sniff out nearby items.
You are partially covered in slimy green scales. (AC +2)
Armour fits poorly on your strangely shaped body.
Your muscles are strong. (Str +2)
Your spells are a little easier to cast, but a little less powerful.


Message History

You feel as though you will be slow longer.
The death scarab barely misses you.
You feel better. The death scarab closely misses you.
The death scarab barely misses you. The death scarab bites you.
* * * LOW HITPOINT WARNING * * *
Your corrosive artefact corrodes you!
The death scarab drains your vigour!
You feel as though you will be slow longer.
The death scarab draws strength from your injuries!
You feel better. The death scarab barely misses you.
You riposte.
You hit the death scarab.
The death scarab is lightly damaged.
Blink to where?
Press: ? - help, Dir - move target, p - death scarab You can't see that place. [a transporter landing site.]
Okay, then.
Unknown command.
The death scarab waves its antennae.
The death scarab bites you!!
You die...

##...#".#...#..#####=.#.#..#
#≈...#.........#...#uuG....#
##...#...xxxx..#...#########
#≈...###########............
##...............8.....8....
.# ##.8.....8.................
..##≈...............##########
...##...#########...#...∆.....
....#...#Z.BB@#.#...#.##§..##.
.©8.#...#Z###.#.#####..##§##Y.
....#...#=..###.#...#...#.#§..
.©8.#.8.#©..©...#©.©#Y..#©....
....#...#$..###.#...#...#.#)..
.©8.#...#.###.#.#####..##.##.)
....#...#.....#.#...#.##...##.
...##...#########...#.........
..##≈...............##########


You could see a spectral death yak, a spectral torpor snail, 2 death scarabs and
4 small abominations.

Vanquished Creatures
  Harold (D:8)
  The ghost of Gadrel the Blocker, a journeyman OpFi of Gozag (D:9)
  A two-headed ogre (D:10)
  An orc knight (Bailey)
  An ugly thing (D:10)
  A molten gargoyle (Gauntlet)
  2 gargoyles (Gauntlet)
  2 kobold demonologists (Bailey)
  Maggie (D:8)
  A hornet (D:9)
  Grinder (D:3)
  A spectral black mamba (Gauntlet)
  2 wraiths
  A vampire (D:9)
  2 centaur simulacra (D:9)
  A wyvern (D:10)
  7 yaks (D:9)
  2 vampire mosquitoes (D:9)
  10 orc warriors
  3 sky beasts
  An ice beast (D:7)
  3 necrophages
  3 phantoms
  5 ogres
  A centaur (D:6)
  3 elf zombies (Ossuary)
  6 bullfrogs
  4 scorpions
  4 wights
  6 howler monkeys
  5 electric eels
  2 centaur zombies
  2 quasits
  7 hounds
  7 orc priests
  5 centaur skeletons
  A jelly (D:8)
  5 orc wizards
  4 iguanas
  8 worker ants
  A killer bee zombie (D:10)
  A big kobold zombie (Ossuary)
  2 hound zombies
  A hound skeleton (D:10)
  4 mummies (Ossuary)
  A worker ant zombie (D:9)
  5 gnolls (Bailey)
  4 gnoll zombies
  An orc zombie (D:6)
  6 adders
  2 shadow imps
  3 white imps
  2 ufetubi
  An ooze (D:1)
  2 adder zombies
  A worm (D:1)
  8 dart slugs
  7 leopard geckos
  34 orcs
  12 bats
  3 giant cockroaches
  12 goblins
  11 hobgoblins
  10 jackals
  8 quokkas
  8 frilled lizards
  A hobgoblin zombie (Ossuary)
  A jackal zombie (Ossuary)
  5 kobolds
  A kobold zombie (Ossuary)
  A leopard gecko skeleton (D:5)
  A leopard gecko zombie (D:5)
  A quokka skeleton (D:5)
  A quokka zombie (D:9)
  9 rats
  A rat zombie (Ossuary)
296 creatures vanquished.

Vanquished Creatures (collateral kills)
  A quasit (D:10)
  An orc wizard (D:8)
  An adder (D:9)
  An orc (D:8)
4 creatures vanquished.

Vanquished Creatures (others)
  A worker ant (D:7)
  21 demonic plants (Gauntlet)
  14 withered plants (Gauntlet)
36 creatures vanquished.

Grand Total: 336 creatures vanquished

Notes
Turn   | Place    | Note
-------+----------+-------------------------------------------
     0 | D:1      | jlumianski the Gnoll Warper began the quest for the Orb.
     0 | D:1      | Reached XP level 1. HP: 20/20 MP: 6/6
   262 | D:1      | Reached XP level 2. HP: 19/26 MP: 7/7
   441 | D:1      | Learned a level 2 spell: Blink
  1003 | D:1      | Reached XP level 3. HP: 31/31 MP: 9/9
  1028 | D:1      | Reached skill level 5 in Spellcasting
  1358 | D:3      | Reached skill level 1 in Invocations
  1536 | D:2      | Reached skill level 1 in Short Blades
  1536 | D:2      | Reached skill level 1 in Long Blades
  1536 | D:2      | Reached skill level 1 in Maces & Flails
  1536 | D:2      | Reached skill level 1 in Polearms
  1536 | D:2      | Reached skill level 1 in Staves
  1536 | D:2      | Reached skill level 1 in Slings
  1536 | D:2      | Reached skill level 1 in Bows
  1536 | D:2      | Reached skill level 1 in Crossbows
  1536 | D:2      | Reached skill level 1 in Stealth
  1536 | D:2      | Reached skill level 1 in Shields
  1536 | D:2      | Reached skill level 1 in Unarmed Combat
  1536 | D:2      | Reached skill level 1 in Evocations
  1790 | D:2      | Reached XP level 4. HP: 32/38 MP: 11/11
  2173 | D:3      | Reached skill level 1 in Conjurations
  2173 | D:3      | Reached skill level 1 in Hexes
  2173 | D:3      | Reached skill level 1 in Summonings
  2173 | D:3      | Reached skill level 1 in Necromancy
  2173 | D:3      | Reached skill level 1 in Transmutations
  2173 | D:3      | Reached skill level 1 in Fire Magic
  2173 | D:3      | Reached skill level 1 in Ice Magic
  2173 | D:3      | Reached skill level 1 in Air Magic
  2173 | D:3      | Reached skill level 1 in Earth Magic
  2173 | D:3      | Reached skill level 1 in Poison Magic
  2260 | D:3      | Learned a level 3 spell: Gell's Gravitas
  2264 | D:3      | Learned a level 3 spell: Teleport Other
  2463 | D:3      | Noticed Grinder
  2466 | D:3      | Paralysed by Grinder for 6 turns
  2495 | D:3      | Paralysed by Grinder for 2 turns
  2521 | D:3      | Killed Grinder
  2522 | D:3      | Reached skill level 5 in Fighting
  2522 | D:3      | Reached skill level 5 in Axes
  2522 | D:3      | Reached skill level 5 in Dodging
  2522 | D:3      | Reached XP level 5. HP: 19/44 MP: 8/12
  2522 | D:3      | Reached XP level 6. HP: 22/51 MP: 9/14
  3170 | D:3      | Learned a level 1 spell: Pain
  3280 | D:3      | Found a stormy altar of Qazlal.
  3352 | D:4      | Noticed a phantom
  3587 | D:5      | Entered Level 5 of the Dungeon
  3653 | D:4      | Reached XP level 7. HP: 40/56 MP: 15/15
  3875 | D:4      | Found a shadowy altar of Dithmenos.
  4070 | D:4      | Found a shimmering blue altar of Sif Muna.
  4071 | D:4      | Found a broken altar of Ashenzari.
  4078 | D:4      | Became a worshipper of Sif Muna the Loreminder
  4090 | D:4      | Found a hazy altar of Hepliaklqana.
  4501 | D:5      | Found a staircase to the Ecumenical Temple.
  4583 | D:5      | Found a sacrificial altar of Ru.
  4770 | D:6      | Reached XP level 8. HP: 15/63 MP: 14/16
  6226 | D:6      | Found a transporter.
  6297 | D:6      | Found a transporter.
  6357 | D:6      | Got an iridescent long sword
  6358 | D:6      | Identified the cursed +2 long sword "Pendulum" {vorpal,
                  | *Corrode rN++ Str+5} (You found it on level 6 of the
                  | Dungeon)
  6516 | D:6      | Learned a level 3 spell: Vampiric Draining
  6603 | D:7      | Found a sand-covered staircase.
  6678 | Ossuary  | Entered an ossuary
  6684 | Ossuary  | Reached * piety under Sif Muna
  7143 | D:6      | Found a white marble altar of Elyvilon.
  7215 | D:6      | Found a snail-covered altar of Cheibriados.
  7319 | D:6      | Reached XP level 9. HP: 42/69 MP: 18/18
  8192 | D:7      | Reached ** piety under Sif Muna
  8440 | D:7      | Reached skill level 5 in Throwing
  8440 | D:7      | Reached skill level 5 in Armour
  8637 | D:7      | Gained mutation: You tend to lose your temper in combat.
                  | [mutagenic glow]
  8640 | D:7      | Lost mutation: You tend to lose your temper in combat.
                  | [potion of mutation]
  8640 | D:7      | Gained mutation: Your muscles are strong. (Str +2) [potion
                  | of mutation]
  8640 | D:7      | Gained mutation: You are partially covered in slimy green
                  | scales. (AC +2) [potion of mutation]
  8653 | D:7      | Gained mutation: Your spells are a little easier to cast,
                  | but a little less powerful. [mutagenic glow]
  8666 | D:7      | Gained mutation: Armour fits poorly on your strangely
                  | shaped body. [mutagenic glow]
  9110 | D:9      | Found Qohag's Jewellery Shoppe.
  9190 | D:8      | Reached skill level 5 in Invocations
  9323 | D:9      | Found a flagged portal.
  9328 | D:9      | Reached XP level 10. HP: 68/77 MP: 20/20
  9450 | Bailey   | Entered a bailey
  9526 | Bailey   | Learned a level 3 spell: Frozen Ramparts
  9533 | Bailey   | Reached *** piety under Sif Muna
  9574 | Bailey   | Noticed a kobold demonologist
  9574 | Bailey   | Noticed a kobold demonologist
  9575 | Bailey   | Found an iron altar of Okawaru.
  9581 | Bailey   | Noticed an orange demon
  9610 | Bailey   | Killed a kobold demonologist
  9611 | Bailey   | Reached skill level 5 in Short Blades
  9611 | Bailey   | Reached skill level 5 in Long Blades
  9611 | Bailey   | Reached skill level 5 in Maces & Flails
  9611 | Bailey   | Reached skill level 5 in Polearms
  9611 | Bailey   | Reached skill level 5 in Staves
  9611 | Bailey   | Reached skill level 5 in Slings
  9611 | Bailey   | Reached skill level 5 in Bows
  9611 | Bailey   | Reached skill level 5 in Crossbows
  9611 | Bailey   | Reached skill level 5 in Stealth
  9611 | Bailey   | Reached skill level 5 in Shields
  9611 | Bailey   | Reached skill level 5 in Unarmed Combat
  9611 | Bailey   | Reached skill level 5 in Evocations
  9629 | Bailey   | Noticed a soul eater
  9632 | Bailey   | Killed a kobold demonologist
 10233 | Bailey   | Acquired an uncursed staff of death
 10372 | Bailey   | Noticed an orc knight
 10454 | Bailey   | Killed an orc knight
 10737 | Bailey   | Got a bloodstained plate armour
 10768 | Bailey   | Learned a level 4 spell: Summon Lightning Spire
 11395 | D:8      | Noticed Maggie
 11411 | D:8      | Killed Maggie
 11873 | D:8      | Noticed Harold
 11890 | D:8      | Killed Harold
 12169 | D:8      | Reached XP level 11. HP: 84/84 MP: 22/22
 12666 | D:9      | Bought an uncursed ring of resist corrosion for 260 gold
                  | pieces
 12683 | D:9      | Noticed Gadrel's ghost (journeyman OpFi)
 12698 | D:9      | Found a transporter.
 12714 | D:9      | Found a transporter.
 12775 | D:9      | Reached **** piety under Sif Muna
 12782 | D:9      | Reached skill level 5 in Conjurations
 12782 | D:9      | Reached skill level 5 in Hexes
 12782 | D:9      | Reached skill level 5 in Summonings
 12782 | D:9      | Reached skill level 5 in Necromancy
 12782 | D:9      | Reached skill level 5 in Transmutations
 12782 | D:9      | Reached skill level 5 in Fire Magic
 12782 | D:9      | Reached skill level 5 in Ice Magic
 12782 | D:9      | Reached skill level 5 in Air Magic
 12782 | D:9      | Reached skill level 5 in Earth Magic
 12782 | D:9      | Reached skill level 5 in Poison Magic
 13257 | D:10     | Entered Level 10 of the Dungeon
 13503 | D:9      | Paralysed by a hornet for 2 turns
 13957 | D:9      | Killed Gadrel's ghost
 14258 | D:10     | Found a staircase to the Orcish Mines.
 14426 | D:10     | Noticed a two-headed ogre
 14458 | D:10     | Killed a two-headed ogre
 14644 | D:11     | Noticed a white ugly thing
 14678 | D:10     | Killed a white ugly thing
 14698 | D:10     | Got an ancient chain mail
 14699 | D:10     | Identified the +4 chain mail of the Rose {Str+3} (You found
                  | it on level 10 of the Dungeon)
 15040 | D:11     | Found a gate leading to a gauntlet.
 15070 | Gauntlet | Entered a Gauntlet
 15070 | Gauntlet | Found a transporter.
 15070 | Gauntlet | Noticed a green ugly thing
 15074 | Gauntlet | Found a transporter.
 15074 | Gauntlet | Noticed a brown ugly thing
 15078 | Gauntlet | Noticed a glowing orange brain
 15078 | Gauntlet | Noticed a glowing orange brain
 15079 | Gauntlet | Noticed a catoblepas
 15091 | Gauntlet | Found a transporter.
 15092 | Gauntlet | Found a transporter.
 15103 | Gauntlet | Found a transporter.
 15123 | Gauntlet | Noticed a death scarab
 15124 | Gauntlet | Found a transporter.
 15124 | Gauntlet | Noticed a spectral death yak
 15148 | Gauntlet | Noticed a death scarab
 15159 | Gauntlet | Found a transporter.
 15160 | Gauntlet | Found a transporter.
 15190 | Gauntlet | Found a transporter.
 15202 | Gauntlet | Found a runed translucent door.
 15206 | Gauntlet | Found a transporter.
 15208 | Gauntlet | Found a transporter.
 15227 | Gauntlet | Found a transporter.
 15323 | Gauntlet | Got an ancient turquoise ring
 15664 | Gauntlet | HP: 4/86 [death scarab (6)]
 15667 | Gauntlet | Mangled by a death scarab

Illustrated notes

Levels and vault maps discovered:
D:1:      lemuel_arrival_broad_hall, layout_basic, grunt_decor_fettered,
          corexii_leaking_fountain
D:2:      layout_basic
D:3:      layout_loops_ring, general_overflow_altar, uniq_grinder
D:4:      layout_cave_pools, minitemple, lemuel_doored_altar
D:5:      layout_gridville, minmay_temple_entry_water_ring,
          minmay_misc_feat_ornament, minmay_misc_feat_room,
          nicolae_ru_the_path_less_chosen
D:6:      gammafunk_cloud_chamber, layout_basic, old_standard_altar,
          cheibriados_altar_1
D:7:      kennysheep_slugbush, layout_basic, nicolae_ossuary_entry_monument
D:8:      layout_loops_corners, uniq_maggie, uniq_harold
D:9:      layout_rooms, enter_bailey_2, gammafunk_ghost_mausoleum, serial_shops,
          shop, minmay_between
D:10:     layout_basic, orc_0_dummy
D:11:     layout_stronghold, lair_entry_dummy, gauntlet_entry_generic,
          uniq_erica
Gauntlet: minmay_gauntlet_mixed_oops_all_seconds
          [minmay_gauntlet_arena_77_chump_sandwich,
          gammafunk_gauntlet_arena_split_x, minmay_gauntlet_arena_77_path,
          gammafunk_gauntlet_arena_hedges, minmay_gauntlet_arena_77_mirror,
          gammafunk_gauntlet_arena_arrow_garden, gauntlet_exit_spiral]

Skill      XL: |  1  2  3  4  5  6  7  8  9 10 11 |
---------------+----------------------------------+-----
Spellcasting   | 5 6 7 8 |  8.5
Invocations    | 1 2 3 4 5 6 7 |  7.4
Short Blades   | 1 2 3 4 5 6 |  6.7
Long Blades    | 1 2 3 4 5 6 |  6.7
Maces & Flails | 1 2 3 4 5 6 |  6.7
Polearms       | 1 2 3 4 5 6 |  6.7
Staves         | 1 2 3 4 5 6 |  6.7
Slings         | 1 2 3 4 5 6 |  6.7
Bows           | 1 2 3 4 5 6 |  6.7
Crossbows      | 1 2 3 4 5 6 |  6.7
Stealth        | 1 2 3 4 5 6 |  6.7
Shields        | 1 2 3 4 5 6 |  6.7
Unarmed Combat | 1 2 3 4 5 6 |  6.7
Evocations     | 1 2 3 4 5 6 |  6.7
Conjurations   | 1 2 3 4 5 |  5.5
Hexes          | 1 2 3 4 5 |  5.5
Summonings     | 1 2 3 4 5 |  5.5
Necromancy     | 1 2 3 4 5 |  5.5
Transmutations | 1 2 3 4 5 |  5.5
Fire Magic     | 1 2 3 4 5 |  5.5
Ice Magic      | 1 2 3 4 5 |  5.5
Air Magic      | 1 2 3 4 5 |  5.5
Earth Magic    | 1 2 3 4 5 |  5.5
Poison Magic   | 1 2 3 4 5 |  5.5
Fighting       | 5 6 7 8 |  8.2
Axes           | 5 6 7 8 |  8.2
Throwing       | 3 4 5 6 7 |  7.2
Armour         | 3 4 5 6 7 |  7.2
Dodging        | 5 6 7 8 |  8.2
Translocations | 6 7 |  7.9

Action                   |  1- 3 |  4- 6 |  7- 9 | 10-12 || total
-------------------------+-------+-------+-------+-------++-------
Melee: Hand axe          |   130 |   133 |   157 |       ||   420
       Bite              |     6 |    11 |    58 |    69 ||   144
       Punch             |     2 |       |     5 |    15 ||    22
       Long sword        |       |       |   195 |   347 ||   542
       Quarterstaff      |       |       |    16 |       ||    16
Throw: Boomerang         |     6 |     3 |    32 |    16 ||    57
       Dart              |       |    21 |    13 |     6 ||    40
 Cast: Blink             |     2 |     2 |     2 |    12 ||    18
       Gell's Gravitas   |       |     5 |    21 |    30 ||    56
       Pain              |       |     1 |    12 |     5 ||    18
       Vampiric Draining |       |       |       |     5 ||     5
       Summon Lightning  |       |       |       |    11 ||    11
       Frozen Ramparts   |       |       |       |     7 ||     7
Evoke: Wand              |       |       |       |     8 ||     8
  Use: Scroll            |     2 |     3 |    15 |     5 ||    25
       Potion            |     2 |     2 |     9 |     7 ||    20
 Stab: Sleeping          |       |     2 |     6 |     7 ||    15
       Distracted        |       |       |       |     1 ||     1
Armor: Leather armour    |    28 |       |    80 |    80 ||   188
       Ring mail         |    24 |    41 |    24 |       ||    89
       Skin              |       |       |     1 |       ||     1
Dodge: Dodged            |   118 |    94 |   458 |   410 ||  1080
       Rpst.: Long sword |       |       |    73 |   127 ||   200
